SAAA
HIALEAH DODOS @ SUNSET DISTRICT FOG
08/03/2037
 
TOP OF THE 1ST
Hialeah Dodos batting - Pitching for Sunset District Fog : RHP Pedro Rodríguez
Pitching: RHP Pedro Rodríguez
Batting: SHB Arvo Helminen 0-0: Foul Ball, location: 2F
0-1: Ball
1-1: Called Strike
1-2: Ball
2-2: Ground out U3 (Groundball, 3, EV 103.1 MPH)
Batting: RHB Jimmy Scott 0-0: Ball
1-0: Called Strike
1-1: Called Strike
1-2: Ground out 6-3 (Groundball, 6M, EV 88.8 MPH)
Batting: RHB Nick Boyd 0-0: Ball
1-0: Foul Ball, location: 2F
1-1: Ball
2-1: Foul Ball, location: 2F
2-2: Ball
3-2: Foul Ball, location: 2F
3-2: Foul Ball, location: 2F
3-2: Fly out, F9 (Flyball, 9LS, EV 90.6 MPH)
Top of the 1st over - 0 runs, 0 hits, 0 errors, 0 left on base; Hialeah 0 - Sunset District 0
BOTTOM OF THE 1ST
Sunset District Fog batting - Pitching for Hialeah Dodos : LHP John Wallbank
Pitching: LHP John Wallbank
Batting: LHB Roderick Simpson 0-0: Foul Ball, location: 2F
0-1: Swinging Strike
0-2: Ball
1-2: Fly out, F8 (Line Drive, 8LD, EV 85.6 MPH)
Batting: RHB Vonne Navarrete 0-0: Ball
1-0: Ball
2-0: Ball
3-0: Base on Balls
Batting: RHB Silvian Burger 0-0: Called Strike
0-1: Fielders Choice at 2nd, 6-4 (Groundball, 6, EV 80.6 MPH)
Batting: SHB Cecil Nelson 0-0: Swinging Strike
0-1: Foul Ball, location: 2F
0-2: Fly out, F9 (Flyball, 9S, EV 91.9 MPH)
Bottom of the 1st over - 0 runs, 0 hits, 0 errors, 1 left on base; Hialeah 0 - Sunset District 0
TOP OF THE 2ND
Hialeah Dodos batting - Pitching for Sunset District Fog : RHP Pedro Rodríguez
Batting: RHB Jon Deal 0-0: Foul Ball, location: 2F
0-1: Swinging Strike
0-2: Strikes out swinging
Batting: RHB Dan Chrzan 0-0: Swinging Strike
0-1: Ball
1-1: Ball
2-1: Foul Ball, location: 2F
2-2: Ball
3-2: Foul Ball, location: 2F
3-2: Base on Balls
Batting: RHB Paul Byrd 0-0: Called Strike
0-1: Ball
1-1: Called Strike
1-2: Strikes out looking
Batting: RHB Chet Hollis 0-0: Swinging Strike
0-1: Foul Ball, location: 2F
0-2: Strikes out swinging
Top of the 2nd over - 0 runs, 0 hits, 0 errors, 1 left on base; Hialeah 0 - Sunset District 0
BOTTOM OF THE 2ND
Sunset District Fog batting - Pitching for Hialeah Dodos : LHP John Wallbank
Batting: RHB José Vargas 0-0: Ball
1-0: Called Strike
1-1: Called Strike
1-2: Ball
2-2: Ground out 6-3 (Groundball, 6, EV 83.8 MPH)
Batting: RHB George Hubbard 0-0: Foul Ball, location: 2F
0-1: Called Strike
0-2: Strikes out swinging
Batting: LHB Jesús Colón 0-0: Ball
1-0: Ball
2-0: Foul Ball, location: 2F
2-1: Ball
3-1: Base on Balls
Batting: SHB Zack Murphy 0-0: Ball
1-0: Ball
2-0: Called Strike
2-1: Called Strike
2-2: Foul Ball, location: 2F
2-2: Ball
3-2: Base on Balls
Jesús Colón to second
Batting: LHB Steve Williams 0-0: Ball
1-0: Foul Ball, location: 2F
1-1: SINGLE (Groundball, 3, EV 81.9 MPH) (infield hit)
Jesús Colón to third
Zack Murphy to second
Batting: LHB Roderick Simpson 0-0: Swinging Strike
0-1: Ball
1-1: Ball
2-1: Ground out 6-3 (Groundball, 6MS, EV 78.8 MPH)
Bottom of the 2nd over - 0 runs, 1 hit, 0 errors, 3 left on base; Hialeah 0 - Sunset District 0
TOP OF THE 3RD
Hialeah Dodos batting - Pitching for Sunset District Fog : RHP Pedro Rodríguez
Batting: RHB Gabrio Campoverde 0-0: Foul Ball, location: 2F
0-1: Swinging Strike
0-2: Ball
1-2: Ground out 6-3 (Groundball, 6, EV 77.5 MPH)
Batting: RHB Ernesto Trevino 0-0: Ground out 5-3 (Groundball, 56S, EV 70.6 MPH)
Batting: SHB Arvo Helminen 0-0: Swinging Strike
0-1: Called Strike
0-2: Strikes out looking
Top of the 3rd over - 0 runs, 0 hits, 0 errors, 0 left on base; Hialeah 0 - Sunset District 0
BOTTOM OF THE 3RD
Sunset District Fog batting - Pitching for Hialeah Dodos : LHP John Wallbank
Batting: RHB Vonne Navarrete 0-0: Ground out 5-3 (Groundball, 56S, EV 91.9 MPH)
Batting: RHB Silvian Burger 0-0: Ball
1-0: Ball
2-0: Ball
3-0: Base on Balls
Batting: SHB Cecil Nelson 0-0: Called Strike
0-1: Fielders Choice at 2nd, 6-4 (Groundball, 6, EV 88.1 MPH)
Batting: RHB José Vargas 0-0: Ball
1-0: Fly out, F7 (Flyball, 7, EV 81.2 MPH)
Bottom of the 3rd over - 0 runs, 0 hits, 0 errors, 1 left on base; Hialeah 0 - Sunset District 0
TOP OF THE 4TH
Hialeah Dodos batting - Pitching for Sunset District Fog : RHP Pedro Rodríguez
Batting: RHB Jimmy Scott 0-0: Ground out 4-3 (Groundball, 4M, EV 110.0 MPH)
Batting: RHB Nick Boyd 0-0: Ball
1-0: Swinging Strike
1-1: Ball
2-1: Ball
3-1: Called Strike
3-2: Foul Ball, location: 2F
3-2: Base on Balls
Batting: RHB Jon Deal 0-0: Ball
1-0: Ball
Wild Pitch!
Nick Boyd to second
2-0: Called Strike
2-1: Ball
3-1: Called Strike
3-2: Strikes out swinging
Batting: RHB Dan Chrzan 0-0: Foul Ball, location: 2F
0-1: Fly out, F7 (Flyball, 7S, EV 89.4 MPH)
Top of the 4th over - 0 runs, 0 hits, 0 errors, 1 left on base; Hialeah 0 - Sunset District 0
BOTTOM OF THE 4TH
Sunset District Fog batting - Pitching for Hialeah Dodos : LHP John Wallbank
Batting: RHB George Hubbard 0-0: Ball
1-0: Foul Ball, location: 2F
1-1: Ball
2-1: Foul Ball, location: 2F
2-2: Ball
3-2: Ground out 5-3 (Groundball, 5L, EV 83.1 MPH)
Batting: LHB Jesús Colón 0-0: Called Strike
0-1: Swinging Strike
0-2: Ground out U3 (Groundball, 34, EV 81.2 MPH)
Batting: SHB Zack Murphy 0-0: Called Strike
0-1: Foul Ball, location: 2F
0-2: Fly out, F8 (Flyball, 8LM, EV 88.1 MPH)
Bottom of the 4th over - 0 runs, 0 hits, 0 errors, 0 left on base; Hialeah 0 - Sunset District 0
TOP OF THE 5TH
Hialeah Dodos batting - Pitching for Sunset District Fog : RHP Pedro Rodríguez
Batting: RHB Paul Byrd 0-0: Ball
1-0: Ball
2-0: Foul Ball, location: 2F
2-1: Foul Ball, location: 2F
2-2: Strikes out swinging
Batting: RHB Chet Hollis 0-0: Foul Ball, location: 2F
0-1: Ball
1-1: Swinging Strike
1-2: Foul Ball, location: 2F
1-2: Foul Ball, location: 2F
1-2: Ball
2-2: Ball
3-2: Strikes out swinging
Batting: RHB Gabrio Campoverde 0-0: Ball
1-0: Ball
2-0: Ball
3-0: Base on Balls
Batting: RHB Ernesto Trevino 0-0: Foul Ball, location: 2F
0-1: Ball
1-1: Ball
2-1: Swinging Strike
2-2: Ground out 5-3 (Groundball, 56S, EV 87.5 MPH)
Top of the 5th over - 0 runs, 0 hits, 0 errors, 1 left on base; Hialeah 0 - Sunset District 0
BOTTOM OF THE 5TH
Sunset District Fog batting - Pitching for Hialeah Dodos : LHP John Wallbank
Pitching: LHP Sergio Vargas
Batting: LHB Steve Williams 0-0: Called Strike
0-1: Ball
1-1: Foul Ball, location: 2F
1-2: Foul Ball, location: 2F
1-2: Ball
2-2: Ball
3-2: Fly out, F7 (Flyball, 7, EV 83.1 MPH)
Batting: LHB Roderick Simpson 0-0: Ball
1-0: Ground out 1-3 (Groundball, 34S, EV 85.6 MPH)
Batting: RHB Vonne Navarrete 0-0: Called Strike
0-1: Swinging Strike
0-2: Ball
1-2: Ground out 4-3 (Groundball, 4, EV 82.5 MPH)
Bottom of the 5th over - 0 runs, 0 hits, 0 errors, 0 left on base; Hialeah 0 - Sunset District 0
TOP OF THE 6TH
Hialeah Dodos batting - Pitching for Sunset District Fog : RHP Pedro Rodríguez
Batting: SHB Arvo Helminen 0-0: Called Strike
0-1: Ball
1-1: Called Strike
1-2: Foul Ball, location: 2F
1-2: Fly out, F8 (Line Drive, 8RM, EV 96.2 MPH)
Batting: RHB Jimmy Scott 0-0: Swinging Strike
0-1: Ball
1-1: Swinging Strike
1-2: Ball
2-2: Ball
3-2: Base on Balls
Pitching: RHP Aad Stuut
Batting: RHB Nick Boyd 0-0: Called Strike
0-1: Foul Ball, location: 2F
0-2: Ball
1-2: Fielders Choice at 2nd, 4-6 (Groundball, 4MD, EV 98.1 MPH)
Batting: RHB Jon Deal 0-0: Ball
1-0: Ball
2-0: Called Strike
2-1: Foul Ball, location: 2F
2-2: Foul Ball, location: 2F
2-2: Ball
3-2: Foul Ball, location: 2F
3-2: Foul Ball, location: 2F
3-2: 2-RUN HOME RUN (Flyball, 78XD, EV 93.8 MPH), Distance : 446 ft
Batting: RHB Dan Chrzan 0-0: Called Strike
0-1: Ball
1-1: Ball
2-1: SINGLE (Line Drive, 8RS, EV 111.2 MPH)
Batting: RHB Paul Byrd 0-0: Called Strike
0-1: Ball
1-1: Foul Ball, location: 2F
1-2: SINGLE (Groundball, 56D, EV 96.2 MPH)
Dan Chrzan to second
Batting: RHB Chet Hollis 0-0: Foul Ball, location: 2F
0-1: Ball
1-1: Swinging Strike
1-2: Strikes out swinging
Top of the 6th over - 2 runs, 3 hits, 0 errors, 2 left on base; Hialeah 2 - Sunset District 0
BOTTOM OF THE 6TH
Sunset District Fog batting - Pitching for Hialeah Dodos : LHP Sergio Vargas
Batting: RHB Silvian Burger 0-0: Ball
1-0: Ball
2-0: Ball
3-0: Base on Balls
Batting: SHB Cecil Nelson 0-0: Ball
1-0: Foul Ball, location: 2F
1-1: Hit by Pitch
Silvian Burger to second
Batting: RHB José Vargas 0-0: Fly out, F3 (Line Drive, 4, EV 76.9 MPH)
Batting: RHB George Hubbard 0-0: Ball
1-0: Called Strike
1-1: Ball
2-1: Ball
3-1: Foul Ball, location: 2F
3-2: Grounds into double play, 6-4-3 (Groundball, 6, EV 91.9 MPH)
Bottom of the 6th over - 0 runs, 0 hits, 0 errors, 1 left on base; Hialeah 2 - Sunset District 0
TOP OF THE 7TH
Hialeah Dodos batting - Pitching for Sunset District Fog : RHP Aad Stuut
Batting: RHB Gabrio Campoverde 0-0: Swinging Strike
0-1: Foul Ball, location: 2F
0-2: Strikes out looking
Batting: RHB Ernesto Trevino 0-0: Ball
1-0: Foul Ball, location: 2F
1-1: Called Strike
1-2: Strikes out swinging
Batting: SHB Arvo Helminen 0-0: Called Strike
0-1: Ball
1-1: Ball
2-1: Foul Ball, location: 2F
2-2: Fly out, F7 (Flyball, 7LSF, EV 88.8 MPH)
Top of the 7th over - 0 runs, 0 hits, 0 errors, 0 left on base; Hialeah 2 - Sunset District 0
BOTTOM OF THE 7TH
Sunset District Fog batting - Pitching for Hialeah Dodos : LHP Sergio Vargas
Batting: LHB Jesús Colón 0-0: Ball
1-0: Foul Ball, location: 2F
1-1: Called Strike
1-2: Ball
2-2: Foul Ball, location: 2F
2-2: Foul Ball, location: 2F
2-2: SINGLE (Flyball, 78M, EV 85.6 MPH)
Batting: SHB Zack Murphy 0-0: Ball
1-0: Sac Bunt to 15 - play at first, batter OUT! 1-4
Jesús Colón to second
Batting: LHB Steve Williams 0-0: Foul Ball, location: 2F
0-1: Called Strike
0-2: Ball
1-2: Strikes out swinging
Batting: LHB Roderick Simpson 0-0: Ball
1-0: Ball
2-0: SINGLE (Groundball, 3, EV 85.0 MPH) (infield hit)
Jesús Colón to third
Batting: RHB Vonne Navarrete 0-0: Foul Ball, location: 2F
0-1: Ball
1-1: Called Strike
1-2: Ball
2-2: Ball
3-2: Strikes out swinging
Bottom of the 7th over - 0 runs, 2 hits, 0 errors, 2 left on base; Hialeah 2 - Sunset District 0
TOP OF THE 8TH
Hialeah Dodos batting - Pitching for Sunset District Fog : RHP Aad Stuut
Batting: RHB Jimmy Scott 0-0: Foul Ball, location: 2F
0-1: Ball
1-1: Foul Ball, location: 2F
1-2: Fly out, F7 (Flyball, 7LSF, EV 82.5 MPH)
Batting: RHB Nick Boyd 0-0: Called Strike
0-1: Foul Ball, location: 2F
0-2: Foul Ball, location: 2F
0-2: Strikes out looking
Batting: RHB Jon Deal 0-0: Foul Ball, location: 2F
0-1: Ball
1-1: Foul Ball, location: 2F
1-2: Ball
2-2: Foul Ball, location: 2F
2-2: Foul Ball, location: 2F
2-2: Fly out, F8 (Flyball, 8RS, EV 81.9 MPH)
Top of the 8th over - 0 runs, 0 hits, 0 errors, 0 left on base; Hialeah 2 - Sunset District 0
BOTTOM OF THE 8TH
Sunset District Fog batting - Pitching for Hialeah Dodos : LHP Sergio Vargas
Batting: RHB Silvian Burger 0-0: Ball
1-0: Swinging Strike
1-1: Foul Ball, location: 2F
1-2: Ball
2-2: Foul Ball, location: 2F
2-2: Foul Ball, location: 2F
2-2: Ball
3-2: Base on Balls
Pitching: RHP Kenny Hannah
Batting: SHB Cecil Nelson 0-0: Ball
1-0: Ball
2-0: Ball
3-0: Base on Balls
Silvian Burger to second
Batting: RHB José Vargas 0-0: Called Strike
0-1: Swinging Strike
0-2: Ball
1-2: Foul Ball, location: 2F
1-2: Ball
2-2: SINGLE (Groundball, 4MD, EV 98.1 MPH)
Silvian Burger to third
Cecil Nelson to second
Batting: RHB George Hubbard 0-0: Swinging Strike
0-1: Swinging Strike
0-2: Fly out, F9 (Flyball, 9, EV 89.4 MPH)
Runner from 3rd tags up, SCORES, no throw by RF
Batting: LHB Jesús Colón 0-0: Called Strike
0-1: SINGLE (Groundball, 6MD, EV 98.8 MPH)
Cecil Nelson to third
José Vargas to second
Batting: SHB Zack Murphy 0-0: Swinging Strike
0-1: Ball
1-1: Foul Ball, location: 2F
1-2: Ball
2-2: Foul Ball, location: 2F
2-2: Ball
3-2: Strikes out swinging
Batting: LHB Steve Williams 0-0: Ball
1-0: Called Strike
1-1: Fielders Choice at 2nd, 5-4 (Groundball, 56, EV 85.6 MPH)
Bottom of the 8th over - 1 run, 2 hits, 0 errors, 3 left on base; Hialeah 2 - Sunset District 1
TOP OF THE 9TH
Hialeah Dodos batting - Pitching for Sunset District Fog : RHP Aad Stuut
Pitching: RHP Abraham van der Meulen
Batting: RHB Dan Chrzan 0-0: Foul Ball, location: 2F
0-1: Ball
1-1: Swinging Strike
1-2: Ball
2-2: Strikes out swinging
Batting: RHB Paul Byrd 0-0: DOUBLE (Line Drive, 89D, EV 108.8 MPH)
Batting: RHB Chet Hollis 0-0: Ball
1-0: Swinging Strike
1-1: Ball
2-1: Called Strike
2-2: Ball
3-2: Strikes out swinging
Batting: RHB Gabrio Campoverde 0-0: Ball
1-0: Ball
2-0: Called Strike
2-1: Swinging Strike
2-2: Strikes out looking
Top of the 9th over - 0 runs, 1 hit, 0 errors, 1 left on base; Hialeah 2 - Sunset District 1
BOTTOM OF THE 9TH
Sunset District Fog batting - Pitching for Hialeah Dodos : RHP Kenny Hannah
Now in RF: Iikka Karpinen
Batting: LHB Roderick Simpson 0-0: Called Strike
0-1: Ball
1-1: SINGLE (Line Drive, 3D, EV 95.6 MPH)
Batting: RHB Vonne Navarrete 0-0: Swinging Strike
0-1: Ball
1-1: Ball
2-1: Ball
3-1: Bunt missed!
3-2: Foul Ball, location: 2F
3-2: Strikes out swinging
Pitching: LHP Hakan Yilmanz
Batting: RHB Silvian Burger 0-0: Called Strike
0-1: Swinging Strike
0-2: Strikes out swinging
Batting: SHB Cecil Nelson 0-0: Ball
1-0: Fly out, F8 (Line Drive, 8LD, EV 93.1 MPH)
Bottom of the 9th over - 0 runs, 1 hit, 0 errors, 1 left on base; Hialeah 2 - Sunset District 1
Thursday, January 23rd, 2020 - OOTP Baseball 20.8 Build 74